Map: Bel'Shir Vestige LE (Void)

Players

NonY - Winner!

  • Race: Protoss Protoss
  • Spawn Location: 11:00

Pono

  • Race: Zerg Zerg
  • Spawn Location: 5:00

Event: WCS Austin 2017

VOD

Have the link to the VOD?

Description

Time

  • Played on: April 28, 2017, 2:55 p.m.
  • Length: 10:43

All games in this series

Show
View Real Time Build Order
Export as new Build Order

NonY Protoss - Winner!

Build Orders: 1 Gate Expand 

Get SALT Encoding   

  12  0:01  Probe (Chrono Boost)  
  13  0:11  Probe (Chrono Boost)  
  14  0:17  Pylon  
  14  0:22  Probe (Chrono Boost)  
  15  0:33  Assimilator  
  15  0:36  Probe (Chrono Boost)  
  15  0:42  Gateway  
  16  0:46  Probe (Chrono Boost)  
  17  0:57  Probe (Chrono Boost)  
  18  1:08  Probe (Chrono Boost)  
  19  1:18  Nexus  
  19  1:21  Probe (Chrono Boost)  
  20  1:31  Cybernetics Core  
  20  1:34  Probe (Chrono Boost)  
  20  1:39  Assimilator  
  21  1:44  Probe (Chrono Boost)  
  22  1:52  Pylon  
  22  1:55  Probe (Chrono Boost)  
  23  2:07  Warp Gate, Adept  
  23  2:12  Probe (Chrono Boost)  
  26  2:19  Twilight Council  
  27  2:24  Probe (Chrono Boost)  
  27  2:30  Probe (Chrono Boost)  
  27  2:33  Adept  
  27  2:36  Probe (Chrono Boost)  
  31  2:41  Probe (Chrono Boost)  
  32  2:46  Resonating Glaives  
  32  2:47  Probe (Chrono Boost)  
  33  2:52  Probe (Chrono Boost)  
  34  2:59  Probe (Chrono Boost)  
  34  3:01  Gateway  
  34  3:04  Probe (Chrono Boost)  
  36  3:09  Probe (Chrono Boost), Gateway  
  37  3:16  Probe (Chrono Boost)  
  39  3:20  Adept  
  39  3:25  Mothership Core (Chrono Boost)  
  39  3:26  Pylon  
  43  3:28  Probe (Chrono Boost)  
  43  3:33  Gateway  
  43  3:37  Pylon  
  43  3:42  Pylon  
  43  3:53  Probe x2 (Chrono Boost)  
  41  4:09  Pylon  
  36  4:11  Adept x3  
  39  4:17  Gateway  
  37  4:26  Probe x2 (Chrono Boost)  
  35  4:32  Adept x2  
  35  4:38  Adept  
  40  4:48  Pylon  
  34  4:57  Pylon  
  32  5:02  Pylon  
  27  5:16  Adept x2  
  30  5:23  Probe (Chrono Boost)  
  31  5:29  Pylon  
  31  5:30  Adept  
  31  5:35  Probe (Chrono Boost)  
  34  5:39  Adept  
  34  5:46  Assimilator  
  34  5:47  Probe (Chrono Boost)  
  35  5:57  Assimilator  
  35  6:00  Probe (Chrono Boost)  
  36  6:13  Nexus  
  36  6:20  Probe (Chrono Boost)  
  37  6:31  Probe (Chrono Boost)  
  38  6:33  Pylon  
  38  6:39  Pylon  
  38  6:41  Probe (Chrono Boost)  
  39  6:56  Probe (Chrono Boost), Pylon  
  39  6:58  Adept x2  
  42  7:08  Adept  
  42  7:09  Probe (Chrono Boost)  
  45  7:20  Probe (Chrono Boost)  
  45  7:21  Stalker  
  48  7:23  Sentry  
  48  7:27  Probe (Chrono Boost)  
  51  7:30  Probe (Chrono Boost)  
  51  7:32  Robotics Facility  
  52  7:38  Probe (Chrono Boost)  
  52  7:41  Probe (Chrono Boost)  
  52  7:45  Sentry x2  
  52  7:46  Pylon  
  52  7:48  Probe (Chrono Boost)  
  58  7:51  Probe (Chrono Boost)  
  58  8:01  Probe (Chrono Boost)  
  58  8:02  Probe (Chrono Boost)  
  60  8:10  Gateway x2  
  60  8:12  Probe (Chrono Boost)  
  62  8:13  Probe (Chrono Boost), Gateway  
  62  8:14  Warp Prism  
  64  8:25  Sentry  
  64  8:26  Sentry x2  
  70  8:35  Zealot  
  71  8:44  Gateway  
  71  8:50  Stalker x2  
  71  8:51  Stalker  
  77  8:57  Stalker  
  79  9:02  Pylon  
  79  9:03  Pylon  
  79  9:20  Adept x2  
  79  9:21  Adept x2  
  79  9:22  Stalker x2  
  85  9:38  Stalker  
  75  9:42  Stalker x3  
  71  10:10  Stalker x6  
  67  10:38  Adept x6  
Show
View Real Time Build Order
Export as new Build Order

Pono Zerg 

Build Orders: Pool First 

Get SALT Encoding   

  12  0:01  Drone  
  13  0:08  Drone  
  14  0:17  Overlord  
  14  0:24  Extractor  
  14  0:25  Drone  
  15  0:35  Drone x2  
  17  0:48  Spawning Pool  
  17  0:49  Drone  
  17  0:55  Drone  
  18  1:17  Drone, Hatchery  
  18  1:21  Drone  
  18  1:22  Extractor  
  18  1:28  Overlord  
  18  1:38  Queen  
  20  1:49  Drone  
  21  2:03  Drone  
  22  2:13  Queen  
  24  2:23  Metabolic Boost  
  24  2:24  Zergling x4  
  26  2:32  Zergling x2  
  26  2:33  Zergling x2  
  28  2:44  Evolution Chamber  
  28  2:45  Zergling x4  
  28  2:49  Zergling x6  
  32  2:52  Zergling x2  
  32  2:58  Overlord  
  33  3:09  Zergling x4  
  35  3:20  Zergling x10  
  38  3:32  Zergling x8  
  41  3:44  Zergling x4  
  42  4:00  Zergling x6  
  41  4:10  Zergling x6  
  44  4:17  Zergling x2  
  40  4:29  Zergling x4  
  40  4:30  Zergling x2  
  39  4:39  Zergling x4  
  38  4:47  Zergling x4  
  36  4:56  Zergling x4  
  35  5:11  Zergling x4  
  35  5:16  Zergling x4  
  32  5:32  Zergling x2  
  32  5:33  Zergling x8  
  34  5:37  Drone x3  
  35  5:43  Zergling x4  
  34  5:53  Drone  
  34  5:54  Drone  
  35  5:58  Drone  
  35  5:59  Drone x2  
  38  6:04  Drone x2  
  38  6:20  Drone x2  
  40  6:26  Drone x2  
  40  6:28  Spore Crawler  
  40  6:31  Spore Crawler  
  40  6:35  Drone  
  40  6:36  Hatchery  
  40  6:42  Drone x3  
  40  6:43  Drone  
  42  6:49  Drone  
  43  6:57  Drone  
  43  6:59  Overlord x2  
  43  7:02  Extractor  
  43  7:04  Roach Warren  
  38  7:10  Drone x3  
  38  7:12  Drone  
  42  7:19  Zerg Missile Weapons Level 1  
  42  7:26  Overlord  
  41  7:41  Drone  
  41  7:42  Drone x8  
  49  7:48  Lair  
  49  7:51  Overlord  
  49  7:53  Queen  
  49  7:57  Roach x2  
  55  8:00  Zergling x2  
  55  8:03  Roach  
  58  8:14  Roach x4  
  66  8:21  Drone x3  
  66  8:23  Roach x2  
  66  8:25  Overlord  
  66  8:26  Overlord  
  73  8:43  Overlord x2, Extractor  
  72  8:51  Glial Reconstitution  
  72  8:54  Drone x3  
  72  8:55  Roach x5  
  85  8:56  Roach x2  
  89  9:03  Spore Crawler  
  89  9:04  Overseer  
  89  9:07  Roach x6  
  89  9:08  Roach  
  102  9:13  Hydralisk Den  
  96  9:22  Zergling x8  
  96  9:23  Zergling x12  
  87  9:36  Zergling x2  
  87  9:37  Zergling x10  
  86  9:43  Drone  
  86  9:44  Drone  
  59  10:00  Zergling x2  
  59  10:01  Zergling x12  
  61  10:11  Zergling x2  
Tags
 
Add a new tag
Caveats
  • Supply blocks, unpowered buildings, or Contaminate may cause inaccurate times.
  • Supply counts are checked every 10 seconds.